 Dungeon Crawl Stone Soup version 0.29-a0-2-g12fcac58f8 (webtiles) character file.

Game seed: 4329229802815101284

6360 comborobin the Brawler (level 10, -4/96 HPs)
             Began as a Troll Cinder Acolyte on Jan 27, 2022.
             Was an Elder of Ignis.
             Slain by a skeletal warrior (26 damage)
             ... led by a skeletal warrior
             ... on level 12 of the Dungeon.
             The game lasted 00:06:22 (3650 turns).

comborobin the Brawler (Troll Cinder Acolyte)       Turns: 3650, Time: 00:06:23

Health: -4/96      AC:  4    Str: 24    XL:     10   Next: 65%
Magic:  10/10      EV:  9    Int: 10    God:    Ignis [****..]
Gold:   340        SH:  0    Dex: 11    Spells: 11/11 levels left

rFire   + . .      SeeInvis .     - Unarmed
rCold   . . .      Faith    .   (no shield)
rNeg    . . .      Spirit   .   a - +0 robe
rPois   +          Reflect  .   (helmet restricted)
rElec   .          Harm     .   (no cloak)
rCorr   .          Rampage  .   (gloves unavailable)
Will    .....                   (boots unavailable)
Stlth   +.........              (no amulet)
HPRegen 1.06/turn               o - ring of poison resistance
MPRegen 0.12/turn               (no ring)

@: about to teleport
A: large, unfitting armour, claws 3, regeneration 1, shaggy fur 1, tough skin 1,
agile 1, robust 1
a: Renounce Religion, Fiery Armour, Foxfire Swarm, Rising Flame


You were on level 12 of the Dungeon.
You worshipped Ignis.
Ignis was greatly pleased with you.
You visited 1 branch of the dungeon, and saw 12 of its levels.
You also visited: Ossuary.

You collected 340 gold pieces.

Inventory:

Missiles
 c - 3 throwing nets (quivered)
 e - 19 poisoned darts
 j - 3 large rocks
Armour
 a - a +0 robe (worn)
Jewellery
 o - a ring of poison resistance (left claw)
Wands
 f - a wand of polymorph (4)
 w - a wand of flame (23)
Scrolls
 b - a scroll of teleportation
 d - a scroll of summoning
 g - a scroll of fog
 n - a scroll of fear
 p - a scroll of amnesia {unknown}
 u - 2 scrolls of enchant weapon {unknown}
 v - 3 scrolls of vulnerability {unknown}
 x - a scroll of immolation
 y - a scroll of blinking
Potions
 h - 4 potions of lignification {unknown}
 i - 4 potions of berserk rage {unknown}
 k - a potion of heal wounds {unknown}
 l - a potion of might
 q - a potion of brilliance {unknown}
 r - 2 potions of curing {unknown}
 t - a potion of invisibility
 z - 2 potions of ambrosia {unknown}
 A - a potion of attraction {unknown}


   Skills:
 + Level 2.4 Fighting
 + Level 16.1 Unarmed Combat
 - Level 1.0 Spellcasting
 - Level 2.1 Fire Magic


You had 11 spell levels left.
You didn't know any spells.
Your spell library contained the following spells:

 Spells                   Type           Power      Damage    Failure   Level
 Scorch                   Fire           8%         2d5       22%         2
 Animate Dead             Necr           0%         N/A       98%         4
 Borgnjor's Vile Clutch   Necr/Erth      0%         N/A       100%        5
 Death Channel            Necr           0%         N/A       100%        6


Dungeon Overview and Level Annotations

Branches:
Dungeon (14/15)           Ossuary (visited)
 Temple: D:4-7         Lair: D:8-11         Orc: D:9-12      Vaults: D:13-14

Altars:
Wu Jian

Annotations:
D:6 1 exclusion
D:13 2 transporters, exclusion: obsidian statue, Pooter's ghost, journeyman MiBe


Innate Abilities, Weirdness & Mutations

You are too large for most types of armour.
You have claws for hands.
Your natural rate of healing is unusually fast.
You are covered in fur. (AC +1)
You have tough skin. (AC +1)
You are agile. (Dex +2)
You are robust. (+10% HP)


Message History

The troll is moderately wounded.
The troll bites you! The troll claws you. The troll claws you!
You scratch the troll. Your claw misses the troll.
The troll is heavily wounded.
The troll bites you. The troll claws you. The troll completely misses you.
You mangle the troll!!
You kill the troll!
You start resting.
HP restored.
There is a stone staircase leading down here.
Found a stone staircase leading up.
Found a stone staircase leading up.
Unknown command.
Unknown command. 2 skeletal warriors come into view.
A skeletal warrior comes into view. It is wielding a +0 hand axe.
There is a stone staircase leading up here.
You climb upwards.
There is a stone staircase leading down here.
You climb downwards.
Level annotation: 2 transporters, exclusion: obsidian statue, Pooter's ghost, journeyman MiBe The skeletal warrior hits you with a +0 long sword! x2
There is a stone staircase leading up, spattered with blood here.
Unknown command.
Unknown command.
The skeletal warrior hits you with a +0 hand axe!!
The skeletal warrior hits you with a +0 long sword!
You climb upwards.
There is a stone staircase leading down here.
Unknown command.
Unknown command.
The skeletal warrior hits you with a +0 hand axe!
The skeletal warrior hits you with a +0 hand axe!!
As you read the scroll of teleportation, it crumbles to dust.
You feel strangely unstable.
The skeletal warrior completely misses you.
The skeletal warrior hits you with a +0 long sword!!
* * * LOW HITPOINT WARNING * * *
The skeletal warrior hits you with a +0 hand axe!!
You die...

*********,,#............#
***,,, **,+............#
**,,,,, **#............#
*,,*,,,
#............#**,**,,,
#............#*,,**,,,
#............#*,***,,,
#............+,,* ****
#.....z......#***
#....@z......#
##############


You could see 2 skeletal warriors.

Vanquished Creatures
  Pikel (D:7)
  A wizard (D:14)
  A deep elf pyromancer (D:13)
  A cyclops (D:14)
  A manticore (D:12)
  An ugly thing (D:13)
  A gargoyle (D:14)
  A komodo dragon (D:12)
  A troll (D:13)
  3 water moccasins
  A sky beast (D:7)
  A black bear (D:7)
  2 necrophages (D:6)
  2 ogres
  2 phantoms
  2 lemures (D:7)
  2 kobold brigands (D:8)
  3 bullfrogs
  14 scorpions (Ossuary)
  A gnoll sergeant (D:8)
  A centaur zombie (D:7)
  3 orc priests
  2 gnoll shamans (D:7)
  2 hounds
  2 human zombies (Ossuary)
  3 iguanas
  2 orc wizards
  7 scorpion zombies (Ossuary)
  A killer bee zombie (D:7)
  A human simulacrum (D:12)
  A hound skeleton (D:4)
  3 mummies (Ossuary)
  A howler monkey zombie (D:9)
  12 gnolls
  2 river rats (D:6)
  3 adders
  A shadow imp (D:5)
  A worm (D:2)
  10 orcs
  2 endoplasms (D:2)
  2 goblins
  3 jackals (D:2)
  2 quokkas
  2 ball pythons
  2 bats (D:3)
  A gnoll zombie (Ossuary)
  2 goblin zombies (Ossuary)
  5 hobgoblin zombies (Ossuary)
  12 kobolds
  An orc zombie (Ossuary)
  6 rats
140 creatures vanquished.

Notes
Turn   | Place    | Note
-------+----------+-------------------------------------------
     0 | D:1      | comborobin the Troll Cinder Acolyte began the quest for the
                  | Orb.
     0 | D:1      | Reached XP level 1. HP: 22/22 MP: 1/1
   154 | D:2      | Reached XP level 2. HP: 29/29 MP: 2/2
   190 | D:2      | Reached skill level 4 in Unarmed Combat
   263 | D:3      | Reached XP level 3. HP: 25/36 MP: 3/3
   317 | D:4      | Reached skill level 5 in Unarmed Combat
   317 | D:4      | Reached XP level 4. HP: 37/44 MP: 4/4
   367 | D:5      | Entered Level 5 of the Dungeon
   411 | D:5      | Reached XP level 5. HP: 42/50 MP: 5/5
   448 | D:5      | Reached skill level 6 in Unarmed Combat
   610 | D:6      | Noticed a water moccasin
   610 | D:6      | Noticed a necrophage
   612 | D:6      | Noticed an ogre
   626 | D:6      | Reached XP level 6. HP: 59/59 MP: 6/6
   627 | D:6      | Killed a water moccasin
   628 | D:6      | Reached skill level 7 in Unarmed Combat
   636 | D:6      | Reached skill level 8 in Unarmed Combat
   636 | D:6      | Reached XP level 7. HP: 53/66 MP: 7/7
   749 | D:6      | Found a sand-covered staircase.
   758 | Ossuary  | Entered an ossuary
   772 | Ossuary  | Reached skill level 9 in Unarmed Combat
   972 | Ossuary  | Reached XP level 8. HP: 55/74 MP: 8/8
  1022 | Ossuary  | Reached skill level 10 in Unarmed Combat
  1084 | Ossuary  | Reached skill level 11 in Unarmed Combat
  1430 | D:7      | Reached skill level 12 in Unarmed Combat
  1471 | D:7      | Reached XP level 9. HP: 76/80 MP: 9/9
  1478 | D:7      | Noticed Pikel
  1493 | D:7      | Killed Pikel
  1530 | D:7      | Reached skill level 13 in Unarmed Combat
  2182 | D:7      | Found an ornate altar of the Wu Jian Council.
  2555 | D:8      | Gained mutation: Your spells are a little harder to cast,
                  | but a little more powerful. [potion of mutation]
  2555 | D:8      | Gained mutation: You are agile. (Dex +2) [potion of
                  | mutation]
  2555 | D:8      | Lost mutation: Your spells are a little harder to cast, but
                  | a little more powerful. [potion of mutation]
  2555 | D:8      | Gained mutation: You are robust. (+10% HP) [potion of
                  | mutation]
  2666 | D:8      | Reached skill level 14 in Unarmed Combat
  3142 | D:9      | You fall into a shaft and drop 3 floors!
  3142 | D:12     | Noticed a manticore
  3142 | D:12     | Noticed a komodo dragon
  3146 | D:12     | Killed a komodo dragon
  3151 | D:12     | Killed a manticore
  3152 | D:12     | Reached XP level 10. HP: 82/96 MP: 10/10
  3166 | D:12     | You fall into a shaft and drop 2 floors!
  3173 | D:14     | Noticed a cyclops
  3181 | D:14     | Killed a cyclops
  3182 | D:14     | Reached skill level 15 in Unarmed Combat
  3243 | D:14     | Noticed a wizard
  3243 | D:14     | Noticed a gargoyle
  3250 | D:14     | Killed a wizard
  3259 | D:14     | Killed a gargoyle
  3270 | D:14     | Noticed a brown ugly thing
  3272 | D:14     | Noticed a brown ugly thing
  3272 | D:14     | Noticed a brown ugly thing
  3272 | D:14     | Noticed a brown ugly thing
  3274 | D:14     | Noticed a brown ugly thing
  3286 | D:13     | Killed a brown ugly thing
  3363 | D:13     | Noticed a wolf spider
  3363 | D:13     | Noticed a cyclops
  3363 | D:13     | Noticed a two-headed ogre
  3363 | D:13     | Noticed a brown ugly thing
  3366 | D:13     | Noticed a two-headed ogre
  3370 | D:13     | Noticed a deep elf pyromancer
  3372 | D:13     | Found a transporter.
  3377 | D:13     | Noticed an obsidian statue
  3423 | D:13     | Found a transporter.
  3428 | D:13     | Noticed a deep elf pyromancer
  3439 | D:13     | Noticed Pooter's ghost (journeyman MiBe)
  3459 | D:13     | Killed a deep elf pyromancer
  3460 | D:13     | Reached skill level 16 in Unarmed Combat
  3617 | D:13     | Noticed a skeletal warrior
  3617 | D:13     | Noticed a skeletal warrior
  3618 | D:13     | Noticed a skeletal warrior
  3650 | D:12     | Slain by a skeletal warrior

Illustrated notes

Levels and vault maps discovered:
D:1:      ebering_trefoil_3fold, layout_basic,
          dreamdust_ecumenical_altar_drowned_temple, grunt_decor_cap,
          moated_statue, moated_statue, minmay_crystal_water, interstate_on_off,
          minmay_tromino_i2
D:2:      layout_basic, basic_altar, corexii_item_surrounded_by_moat
D:3:      layout_basic, kennysheep_generic_room_2, uniq_robin, uniq_sigmund
D:4:      layout_rooms, makhleb_altar_promises_db, gammafunk_ghost_cemetery,
          serial_shops, shop
D:5:      layout_loops_cross, uniq_ijyb
D:6:      lemuel_ratsnest, layout_basic, mainiacjoe_overflow_cross_hatched,
          kennysheep_mini_moat, temple_hall, chequers_ossuary_entry_cave,
          minivault_19
D:7:      layout_basic, nicolae_wu_jian_glorious_leap, uniq_pikel
D:8:      layout_cave_pods, mainiacjoe_overflow_tiny_flanked, st_stairs_14,
          chequers_serial_rivers_small_a
D:9:      layout_long_grid, erik_orc_1
D:12:     layout_roguey, bh_circular_ruins
D:13:     layout_layer_cave, nzn_ghost_randoct, minivault_13
D:14:     layout_cave_pods, skrybe_vaults_entry_preservation, minmay_holes,
          uniq_snorg

Skill      XL: |  1  2  3  4  5  6  7  8  9 10 |
---------------+-------------------------------+-----
Unarmed Combat | 4 5 6 8 9 12 14 16 | 16.1
Fighting       | |  2.4
Spellcasting   | |  1.0
Fire Magic     | |  2.1

Action                   |  1- 3 |  4- 6 |  7- 9 | 10-12 || total
-------------------------+-------+-------+-------+-------++-------
Melee: Unarmed           |    50 |    46 |   269 |    32 ||   397
       Punch             |     3 |       |    12 |     3 ||    18
Invok: Fiery Armour      |     1 |     1 |     2 |       ||     4
  Use: Potion            |     1 |     1 |     2 |       ||     4
       Scroll            |       |     6 |     1 |     5 ||    12
Armor: Robe              |    23 |     8 |    52 |     3 ||    86
Dodge: Dodged            |    26 |    17 |   101 |    10 ||   154

Table legend: (Time is in decaauts)
 A = Elapsed time spent in this place.
 B = Non-inter-level travel time spent in this place.
 C = Inter-level travel time spent in this place.
 D = Time resting spent in this place.
 E = Time spent auto-exploring this place.
 F = Levels seen in this place.
 G = Mean time per level.
                   A        B        C        D        E       F      G
               +--------+--------+--------+--------+--------+-----+--------+
         Total |   3575 |   3442 |    133 |    470 |   1789 |  13 |  275.0 |
       Dungeon |   3016 |   2883 |    133 |    300 |   1605 |  12 |  251.3 |
       Ossuary |    559 |    559 |      0 |    170 |    184 |   1 |  559.0 |
               +--------+--------+--------+--------+--------+-----+--------+

Top non-repeatable levels by time:
     D:7: 782 daAuts
     D:8: 569 daAuts
 Ossuary: 559 daAuts
    D:13: 354 daAuts
     D:9: 350 daAuts
     D:5: 229 daAuts
     D:6: 224 daAuts
     D:2: 152 daAuts
    D:14: 106 daAuts
     D:3: 81 daAuts
     D:4: 72 daAuts
     D:1: 56 daAuts
    D:12: 37 daAuts
